 Dungeon Crawl Stone Soup version 0.20.1-1-g8b1a95d (webtiles) character file.

268 Fisto the Cudgeler (level 6, 0/48 HPs)
             Began as a Human Berserker on Nov 24, 2017.
             Was a Believer of Trog.
             Slain by an orc
             ... wielding a +0 whip
              (1 damage)
             ... on level 3 of the Dungeon.
             The game lasted 00:10:04 (2792 turns).

Fisto the Cudgeler (Human Berserker)                Turns: 2792, Time: 00:10:06

Health: 0/48       AC:  9    Str: 20    XL:     6   Next: 45%
Magic:  6/6        EV:  5    Int:  7    God:    Trog [**....]
Gold:   107        SH:  0    Dex: 12    Spells: 5/5 levels left

rFire    . . .     SeeInvis .   a - +0 mace
rCold    . . .     Gourm    .   (no shield)
rNeg     . . .     Faith    +   g - +0 chain mail
rPois    .         Spirit   .   (no helmet)
rElec    .         Reflect  .   (no cloak)
rCorr    .         Harm     .   (no gloves)
MR       .....                  (no boots)
Stlth    ..........             p - amulet of faith
Regen    0.2/turn               (no ring)
MPRegen  0.1/turn               (no ring)

@: lethally poisoned (0 -> -53), berserk cooldown, starving, slowed,
constricted, very slow
A: no striking features
a: Berserk, Trog's Hand, Burn Spellbooks, Renounce Religion


You were on level 3 of the Dungeon.
You worshipped Trog.
Trog was pleased with you.
You were starving.

You visited 1 branch of the dungeon, and saw 3 of its levels.

You collected 107 gold pieces.

Inventory:

Hand Weapons
 a - a +0 mace (weapon)
 m - a +1 vampiric dagger
 z - a +0 shortbow
Missiles
 l - 39 stones (quivered)
 o - 20 poisoned needles
 q - 42 sling bullets
 A - 5 arrows
Armour
 b - a +0 animal skin
 g - a +0 chain mail (worn)
Jewellery
 p - an amulet of faith (around neck)
Wands
 y - a wand of flame (30/48)
Scrolls
 e - 4 scrolls of identify {unknown}
 h - 2 scrolls of immolation {unknown}
 t - a scroll of remove curse {unknown}
 u - a scroll of teleportation {unknown}
 w - a scroll of enchant weapon {unknown}
Potions
 j - 2 potions of degeneration {unknown}
 k - a potion of resistance {unknown}
Comestibles
 n - a royal jelly
 r - 2 meat rations
 s - 5 fruits
 x - a bread ration


   Skills:
 + Level 4.0 Fighting
 + Level 5.2 Maces & Flails
 + Level 3.5 Armour
 + Level 2.2 Dodging


You had 5 spell levels left.
You didn't know any spells.

Dungeon Overview and Level Annotations

Branches:
Dungeon (3/15)

Altars:
Uskayaw


Message History

You kill the adder!
Trog accepts your kill.
* * * LOW HITPOINT WARNING * * *
You feel extremely sick. The ball python closely misses you.
The ball python constricts you.
The orc wizard hits you but does no damage.
The orc hits you but does no damage. Something hits you but does no damage.
You are more poisoned.
The ball python bites you but does no damage.
The ball python constricts you. The orc wizard barely misses you.
The orc hits you but does no damage.
You're too hungry.
Your chain mail prevents you from hitting the orc.
* * * LOW HITPOINT WARNING * * *
You feel very sick. The orc wizard barely misses you.
The ball python completely misses you. The ball python constricts you.
Something hits you but does no damage.
You are more poisoned.
The orc hits you with a whip.
You die...

#.#.#.....###.##### #######
#.#.##.#..#.......#
#[#...<...#.#.###.#
#.######.##.#(..#.##########
###.......>.<.[....((.........
####........##...#########.......
...'........''...'......##.......
####........##.{o###.............
#...#######.o@# *.............
#...# #.So# *............. #...#
#...# *............. ##### #...#
*............. #####
*.............
******........###.#
*,,,,,,,,,,,..* #.*
*,,,,,,,,,,,,,* #.*
*,,,,,,,,,,,,,* *,*


You could see an orc wizard, 2 orcs and a ball python.

Vanquished Creatures
  A centaur (D:3)
  Jessica (D:2)
  A gnoll (D:1)
  8 adders
  An ooze (D:2)
  4 worms
  3 dart slugs
  A leopard gecko (D:3)
  4 orcs (D:3)
  A ball python (D:3)
  7 bats
  2 giant cockroaches
  5 goblins
  2 hobgoblins
  6 jackals
  3 kobolds
  7 frilled lizards
  7 rats
64 creatures vanquished.

Notes
Turn   | Place    | Note
-------+----------+-------------------------------------------
     0 | D:1      | Fisto the Human Berserker began the quest for the Orb.
     0 | D:1      | Reached XP level 1. HP: 18/18 MP: 1/1
   116 | D:1      | Reached XP level 2. HP: 20/24 MP: 2/2
   190 | D:1      | Reached XP level 3. HP: 28/29 MP: 3/3
   446 | D:1      | Reached ** piety under Trog
   631 | D:2      | Reached skill level 4 in Maces & Flails
   631 | D:2      | Reached XP level 4. HP: 27/35 MP: 4/4
  1450 | D:2      | Noticed Jessica
  1459 | D:2      | Killed Jessica
  1459 | D:2      | Reached XP level 5. HP: 38/41 MP: 5/5
  2114 | D:3      | Noticed a centaur
  2125 | D:3      | Killed a centaur
  2125 | D:3      | Reached skill level 5 in Maces & Flails
  2125 | D:3      | Reached XP level 6. HP: 10/48 MP: 6/6
  2516 | D:3      | Noticed a dagger
  2516 | D:3      | Noticed a dagger
  2517 | D:3      | Found a hide-covered altar of Uskayaw.
  2792 | D:3      | HP: 1/48 [poisoned by an orc wizard]
  2792 | D:3      | Slain by an orc

Skill      XL: |  1  2  3  4  5 |
---------------+----------------+-----
Maces & Flails | 4 5 |  5.2
Armour         | 3 |  3.5
Fighting       | 4 |  4.0
Dodging        | |  2.2

Action                   |  1- 3 |  4- 6 || total
-------------------------+-------+-------++-------
Melee: Mace              |    79 |   198 ||   277
Invok: Berserk           |     2 |     7 ||     9
       Trog's Hand       |       |     2 ||     2
  Use: Scroll            |       |     2 ||     2
       Potion            |       |     2 ||     2
  Eat: Chunk             |     1 |     7 ||     8
       Bread ration      |       |     1 ||     1
Armor: Animal skin       |     5 |       ||     5
       Chain mail        |    42 |   137 ||   179
Dodge: Dodged            |    38 |    93 ||   131
